 Dungeon Crawl Stone Soup version 0.23.2-1-ga50397a (webtiles) character file.

Game seed: 4514794445080007591

77 Bluemoon111 the Digger (level 4, 0/24 HPs)
             Began as a Gargoyle Earth Elementalist on May 29, 2019.
             Slain by a gnoll
             ... wielding a +0 spear
              (5 damage)
             ... on level 2 of the Dungeon.
             The game lasted 00:03:57 (1791 turns).

Bluemoon111 the Digger (GrEE)                       Turns: 1791, Time: 00:03:58

Health: 0/24       AC:  5    Str: 11    XL:     4   Next: 34%
Magic:  2/8        EV: 12    Int: 17    God:
Gold:   46         SH:  0    Dex: 10    Spells: 5/9 levels left

rFire    . . .     SeeInvis .   g - +0 dagger
rCold    . . .     Gourm    .   (no shield)
rNeg     + . .     Faith    .   c - +0 robe
rPois    ∞         Spirit   .   (no helmet)
rElec    +         Reflect  .   (no cloak)
rCorr    .         Harm     .   (no gloves)
MR       .....                  (no boots)
Stlth    ++........             (no amulet)
HPRegen  0.08/turn              (no ring)
MPRegen  0.11/turn              (no ring)

@: very slightly contaminated
A: negative energy resistance 1, electricity resistance, unbreathing,
petrification resistance, rot immunity, AC +3
a: no special abilities


You were on level 2 of the Dungeon.
You were not hungry.

You visited 1 branch of the dungeon, and saw 2 of its levels.

You collected 46 gold pieces.

Inventory:

Hand Weapons
 g - a +0 dagger (weapon)
Missiles
 b - 10 stones (quivered)
Armour
 c - a +0 robe (worn)
 i - a +2 scale mail of cold resistance
Scrolls
 f - 3 scrolls of enchant weapon {unknown}
 h - 2 scrolls of teleportation {unknown}
 j - a scroll of immolation {unknown}
 k - 3 scrolls of remove curse {unknown}
Potions
 a - a potion of haste {unknown}
 e - 2 potions of curing {unknown}
Comestibles
 d - 3 rations


   Skills:
 - Level 1.5 Dodging
 - Level 2.1 Stealth
 + Level 3.1 Spellcasting
 + Level 1.1 Conjurations
   Level 0.7 Transmutations
 + Level 4.8 Earth Magic


You had 5 spell levels left.
You knew the following spells:

 Your Spells              Type           Power        Failure   Level  Hunger
a - Sandblast             Erth           ###...       2%          1    None
b - Stone Arrow           Conj/Erth      ##....       16%         3    ###....

Your spell library contained the following spells:

 Spells                   Type           Power        Failure   Level  Hunger
 Passwall                 Tmut/Erth      ##......     9%          2    ##.....
 Petrify                  Tmut/Erth      ##......     47%         4    ####...
 Lee's Rapid Deconstruct  Erth           ###.......   54%         5    ######.


Dungeon Overview and Level Annotations

Branches:
Dungeon (2/15)

Altars:
Trog


Innate Abilities, Weirdness & Mutations

You are resistant to torment.
Your stone body is resilient. (AC +3)
You are immune to poison.
You resist negative energy. (rN+)
You are resistant to electric shocks. (rElec)
You can survive without breathing.
You are immune to petrification.
You are immune to rotting.


Message History

b - 10 stones Sorry, you're not good enough to have a special ability.
Casting: Sandblast (safe; 2% risk of failure)
Confirm with . or Enter, or press ? or * to list all spells.
You don't know that spell.
Sorry, you're not good enough to have a special ability.
The gnoll barely misses you. The gnoll misses you.
You hit the gnoll.
The gnoll is lightly wounded.
The gnoll hits you but does no damage.
The gnoll hits you from afar with a +0 spear.
You hit the gnoll.
The gnoll is moderately wounded.
The gnoll hits you. The gnoll hits you but does no damage.
You barely miss the gnoll.
The gnoll is moderately wounded.
The gnoll hits you.
* * * LOW HITPOINT WARNING * * *
The gnoll hits you from afar with a +0 spear.
You die...

### #.#
############.#
#............#
#.##########.#
#@# #.# #g#
#.# # .g. #.#
# #...# #.# #
#...# #.# #
....#
#####.#####
....#
#..........
.....#
#.....##...
#.....##...


You could see 2 gnolls.

Vanquished Creatures
  2 gnolls (D:2)
  2 adders (D:2)
  A worm (D:2)
  A dart slug (D:2)
  2 giant cockroaches
  6 goblins (D:1)
  3 hobgoblins
  3 jackals (D:2)
  4 bats
  4 frilled lizards
  6 kobolds
  2 rats
36 creatures vanquished.

Notes
Turn   | Place    | Note
-------+----------+-------------------------------------------
     0 | D:1      | Bluemoon111 the Gargoyle Earth Elementalist began the quest
                  | for the Orb.
     0 | D:1      | Reached XP level 1. HP: 10/10 MP: 3/3
   378 | D:1      | Reached XP level 2. HP: 15/15 MP: 5/5
   389 | D:1      | Reached skill level 4 in Earth Magic
   955 | D:2      | Found a bloodstained altar of Trog.
  1243 | D:2      | Reached XP level 3. HP: 19/19 MP: 3/6
  1467 | D:2      | Learned a level 3 spell: Stone Arrow
  1695 | D:2      | Reached XP level 4. HP: 24/24 MP: 6/8
  1786 | D:2      | Reached skill level 1 in Conjurations
  1791 | D:2      | Slain by a gnoll

Skill      XL: |  1  2  3  4 |
---------------+-------------+-----
Earth Magic    | 4 |  4.8
Spellcasting   | 3 |  3.1
Conjurations   | 1 |  1.1
Dodging        | |  1.5
Stealth        | |  2.1
Transmutations | |  0.7

Action                   |  1- 3 |  4- 6 || total
-------------------------+-------+-------++-------
Melee: Unarmed           |    46 |       ||    46
       Dagger            |    89 |     4 ||    93
 Cast: Sandblast         |    24 |     7 ||    31
 Stab: Sleeping          |     2 |     1 ||     3
  Eat: Chunk             |     3 |       ||     3
Armor: Robe              |    42 |     2 ||    44
Dodge: Dodged            |    82 |     4 ||    86
